 Dungeon Crawl Stone Soup version 0.31-a0-656-gb4d89c20fa (webtiles) character file.

Game seed: 7981534120659115680

16 thirtiethelement the Vexing (level 2, 0/19 HPs)
             Began as a Demonspawn Enchanter on Aug 30, 2023.
             Slain by an adder (4 damage)
             ... on level 2 of the Dungeon.
             The game lasted 00:02:05 (857 turns).

thirtiethelement the Vexing (Demonspawn Enchanter)   Turns: 857, Time: 00:02:05

Health: 0/19       AC:  2    Str:  8    XL:     2   Next: 41%
Magic:  0/5        EV: 12    Int: 16    God:
Gold:   132        SH:  0    Dex: 13    Spells: 3/5 levels left

rFire   . . .        a - +1 dagger
rCold   . . .        (no shield)
rNeg    . . .        b - +0 robe
rPois   .            (no helmet)
rElec   .            (no cloak)
rCorr   .            (no gloves)
SInv    .            (no boots)
Will    .....        (no amulet)
Stlth   ++           (no ring)
HPRegen 0.23/turn    (no ring)
MPRegen 0.09/turn

%: no passive effects
@: lethally poisoned (0 -> -6)
A: weakness stinger 1
a: no special abilities


You were on level 2 of the Dungeon.
You visited 1 branch of the dungeon, and saw 2 of its levels.

You collected 132 gold pieces.

Inventory:

Hand Weapons
 a - a +1 dagger (weapon)
Missiles
 e - 3 boomerangs (quivered)
 j - 4 curare-tipped darts
Armour
 b - a +0 robe (worn)
Scrolls
 d - 2 scrolls of identify {unknown}
 g - a scroll of fog {unknown}
 i - a scroll of immolation {unknown}
Potions
 c - 2 potions of invisibility
 f - a potion of lignification {unknown}
 h - a potion of curing
 k - a potion of ambrosia {unknown}


   Skills:
 + Level 0.8 Short Blades
 + Level 0.3 Throwing
 + Level 1.9 Dodging
 + Level 3.1 Stealth
 + Level 2.0 Spellcasting
 + Level 3.2 Hexes


You had 3 spell levels left.
You knew the following spells:

 Your Spells              Type           Power      Damage    Failure   Level
a - Ensorcelled Hibernat  Hex/Ice        12%        N/A       16%         2

Your spell library contained the following spells:

 Spells                   Type           Power      Damage    Failure   Level
 Confusing Touch          Hex            12%        N/A       16%         3
 Tukima's Dance           Hex            12%        N/A       16%         3
 Dazzling Flash           Conj/Hex       12%        N/A       32%         3


Dungeon Overview and Level Annotations

Branches:
Dungeon (2/15)

Altars:


Innate Abilities, Weirdness & Mutations

You have a small tail.


Message History

The adder bites you.
* * * LOW HITPOINT WARNING * * *
You are lethally poisoned!
The adder poisons you!
Unknown command.
It was a potion of curing.
You feel better. The adder bites you.
You closely miss the adder.
The adder is lightly wounded.
The adder misses you.
You hit the adder.
The adder is moderately wounded.
The adder barely misses you. The adder misses you.
Casting: Ensorcelled Hibernation (safe; 16% risk of failure)
Confirm with . or Enter, or press ? or * to list all spells.
Aiming: Ensorcelled Hibernation (safe; 16% risk of failure)
Press: ? - help, Shift-Dir - straight line, f/p - adder
Aim: an adder (moderately wounded, chance to affect: 49%)
The adder resists with some effort.
The adder bites you.
Throw: 3 boomerangs
Press: ? - help, Q - select action, (/) - cycle Shift-Dir - straight line, f/p - adder
Aim: an adder (moderately wounded, 29% to hit)
You throw a boomerang. The boomerang closely misses the adder.
The adder bites you. x2
You are poisoned.
The adder poisons you!
Throw: 3 boomerangs
Press: ? - help, Q - select action, (/) - cycle Shift-Dir - straight line, f/p - adder
Aim: an adder (moderately wounded, 29% to hit)
You throw a boomerang. The boomerang hits the adder.
The adder is heavily wounded.
You feel sick. The adder barely misses you.
Throw: 3 boomerangs
Press: ? - help, Q - select action, (/) - cycle Shift-Dir - straight line, f/p - adder
Aim: an adder (heavily wounded, 29% to hit)
You throw a boomerang. The boomerang closely misses the adder.
You feel sick. The adder bites you.
* * * LOW HITPOINT WARNING * * *
You are lethally poisoned!
The adder poisons you! The adder bites you.
You die...

#. #.####### .#
........# ##.
#.$.....# #..
#.......# #.#
#.......# #.#
#.......# ##.##
#.......#######...####
.........S@..........+
.....#######†##...[.##
##.# #.###.#..# #
#.###.#..# #.##..#..#
#.##.##..# #+
#........# #.
#.......)# #.
#.##.###.### ##.


You could see an adder.

Vanquished Creatures
  2 dart slugs
  2 endoplasms (D:1)
  A goblin (D:2)
  2 kobolds (D:1)
  A quokka (D:1)
  2 ball pythons (D:1)
  A bat (D:2)
  A frilled lizard (D:1)
  A rat (D:1)
13 creatures vanquished.

Notes
Turn   | Place    | Note
-------+----------+-------------------------------------------
     0 | D:1      | thirtiethelement the Demonspawn Enchanter began the quest
                  | for the Orb.
     0 | D:1      | Reached XP level 1. HP: 13/13 MP: 3/3
   282 | D:1      | Gained mutation: You have a small tail. [demonic ancestry]
   282 | D:1      | Reached XP level 2. HP: 19/19 MP: 5/5
   479 | D:1      | Learned a level 2 spell: Ensorcelled Hibernation
   857 | D:2      | Slain by an adder

Illustrated notes

Levels and vault maps discovered:
D:1:      dpeg_arrival_shelter, layout_loops_ring, minmay_door_square
D:2:      layout_loops_corners, uniq_robin

Skill      XL: |  1 |
---------------+----+-----
Stealth        | 3 |  3.1
Short Blades   | |  0.8
Throwing       | |  0.3
Dodging        | |  1.9
Spellcasting   | |  2.0
Hexes          | |  3.2

Action                     || total
---------------------------++-------
  Melee: Dagger            ||    16
  Throw: Boomerang         ||    21
   Cast: Ensorcelled Hiber ||     5
    Use: Potion            ||     1
   Stab: Sleeping          ||     7
 Armour: Robe              ||     2
  Dodge: Dodged            ||    20

Table legend: (Time is in decaauts)
 A = Elapsed time spent in this place.
 B = Non-inter-level travel time spent in this place.
 C = Inter-level travel time spent in this place.
 D = Time resting spent in this place.
 E = Time spent auto-exploring this place.
 F = Levels seen in this place.
 G = Mean time per level.
                   A        B        C        D        E       F      G
               +--------+--------+--------+--------+--------+-----+--------+
         Total |    862 |    829 |     33 |      0 |    692 |   2 |  431.0 |
       Dungeon |    862 |    829 |     33 |      0 |    692 |   2 |  431.0 |
               +--------+--------+--------+--------+--------+-----+--------+

Top non-repeatable levels by time:
     D:1: 708 daAuts
     D:2: 154 daAuts
